Map: Deathaura LE

Players

BratOK (Brat_OK)

  • Race: Terran Terran
  • League: Master
  • Spawn Location: 11:00

PtitDrogo - Winner!

  • Race: Protoss Protoss
  • League: Grandmaster
  • Spawn Location: 5:00

Event: DreamHack SC2 Masters 2020 Summer Europe

VOD

Have the link to the VOD?

Description

Time

  • Played on: June 26, 2020, 11:09 a.m.
  • Length: 8:17

All games in this series

Show
View Real Time Build Order
Export as new Build Order

BratOK Terran 

Build Orders:  

Get SALT Encoding   

  12  0:01  SCV  
  13  0:13  SCV  
  14  0:17  Supply Depot  
  14  0:25  SCV  
  15  0:38  SCV  
  15  0:40  Barracks  
  16  0:43  Refinery  
  16  0:50  SCV  
  17  1:02  SCV  
  18  1:15  SCV  
  19  1:28  Orbital Command, Marine  
  20  1:47  Barracks Reactor  
  20  1:51  Command Center  
  20  1:55  SCV  
  20  1:57  Supply Depot  
  21  2:06  Factory  
  21  2:15  Bunker  
  21  2:17  SCV  
  22  2:24  Marine x2  
  24  2:30  SCV  
  25  2:41  Marine  
  25  2:42  SCV, Marine  
  28  2:49  Starport  
  28  2:59  Marine x2  
  28  3:03  Hellion  
  28  3:05  Orbital Command  
  32  3:12  SCV  
  33  3:15  Refinery  
  33  3:17  Marine  
  33  3:18  Marine  
  35  3:24  Hellion  
  37  3:28  Starport Tech Lab  
  37  3:32  Supply Depot  
  37  3:35  SCV, Marine  
  39  3:41  Marine  
  39  3:46  Hellion  
  39  3:47  SCV  
  43  3:54  Raven  
  45  3:56  Barracks  
  45  3:58  SCV  
  46  4:05  SCV  
  46  4:09  Supply Depot  
  47  4:10  SCV  
  44  4:17  SCV  
  44  4:22  SCV  
  44  4:24  Marine  
  44  4:25  Marine, Barracks  
  44  4:28  Refinery  
  44  4:29  SCV  
  47  4:34  SCV, Supply Depot  
  48  4:42  SCV  
  48  4:44  Supply Depot, Marine  
  48  4:45  Marine  
  51  4:46  SCV  
  51  4:47  Starport Reactor  
  52  4:54  SCV  
  52  4:55  Stimpack, Marauder  
  55  5:02  Marine x2  
  57  5:11  SCV  
  57  5:14  Refinery, Barracks Tech Lab, Factory Tech Lab  
  58  5:15  Engineering Bay  
  58  5:18  Supply Depot, Marine  
  58  5:20  Marine  
  60  5:25  Medivac  
  60  5:26  Medivac  
  60  5:27  SCV x2  
  66  5:32  Supply Depot, Combat Shield  
  66  5:34  Marauder  
  68  5:39  SCV  
  68  5:41  Supply Depot  
  69  5:48  Terran Infantry Weapons Level 1  
  69  5:50  Marauder, Marine  
  69  5:52  SCV  
  69  5:55  Marauder  
  69  5:56  Medivac  
  77  6:01  SCV  
  77  6:03  Supply Depot  
  78  6:04  SCV  
  78  6:05  Medivac  
  81  6:13  SCV  
  81  6:14  Marauder  
  81  6:15  Supply Depot  
  81  6:16  Marauder  
  86  6:20  Marine x2  
  88  6:26  SCV  
  88  6:31  Liberator  
  92  6:34  SCV, Liberator  
  92  6:35  Marauder  
  92  6:37  Marine  
  92  6:38  SCV, Concussive Shells, Marine  
  101  6:40  Supply Depot  
  101  6:54  Marine  
  101  6:56  Marauder, Marine  
  105  7:02  Supply Depot  
  105  7:05  Marauder  
  107  7:12  Marine  
  107  7:13  Marine, Liberator  
  112  7:17  Liberator  
  112  7:22  Marauder  
  117  7:24  Supply Depot  
  117  7:26  Marine  
  118  7:30  Marine  
  113  7:38  Marine  
  113  7:43  Marauder  
  116  7:44  Marauder  
  116  7:48  Marine  
Show
View Real Time Build Order
Export as new Build Order

PtitDrogo Protoss - Winner!

Build Orders: 1 Gate Expand, Colossus Rush 

Get SALT Encoding   

  12  0:01  Probe  
  13  0:13  Probe  
  14  0:17  Pylon  
  14  0:25  Probe  
  15  0:33  Probe  
  15  0:35  Gateway  
  15  0:41  Probe  
  16  0:46  Assimilator  
  17  0:51  Probe  
  18  1:03  Probe  
  19  1:15  Probe  
  20  1:22  Cybernetics Core  
  20  1:32  Nexus  
  20  1:37  Pylon  
  20  1:40  Probe  
  21  1:48  Adept, Assimilator  
  21  1:52  Probe  
  22  1:58  Warp Gate  
  24  2:05  Probe  
  24  2:08  Stalker  
  25  2:18  Probe  
  28  2:30  Probe  
  28  2:33  Robotics Facility  
  29  2:40  Probe  
  29  2:42  Probe  
  31  2:48  Probe  
  31  2:50  Gateway  
  31  2:54  Probe  
  31  2:57  Probe  
  33  3:02  Sentry  
  36  3:06  Probe  
  36  3:10  Probe, Gateway  
  38  3:13  Observer  
  38  3:18  Probe  
  39  3:22  Probe, Pylon  
  41  3:30  Probe  
  41  3:32  Observer  
  41  3:34  Probe  
  44  3:42  Probe  
  44  3:46  Probe, Stalker x2  
  50  3:56  Nexus  
  50  3:57  Probe  
  50  3:58  Probe  
  50  4:00  Pylon  
  52  4:09  Probe  
  53  4:14  Probe  
  53  4:21  Probe  
  53  4:23  Stalker x3  
  53  4:24  Probe  
  59  4:27  Pylon  
  59  4:29  Assimilator  
  60  4:31  Assimilator  
  60  4:32  Probe  
  60  4:33  Probe  
  62  4:40  Robotics Bay  
  62  4:42  Probe  
  63  4:45  Probe  
  63  4:49  Pylon  
  64  4:54  Probe  
  64  4:58  Probe  
  66  5:06  Probe, Twilight Council, Forge  
  66  5:08  Probe x2  
  66  5:14  Probe, Sentry, Colossus  
  68  5:16  Probe  
  68  5:20  Probe  
  73  5:22  Probe  
  73  5:24  Probe, Shield Battery  
  81  5:28  Protoss Ground Weapons Level 1  
  81  5:32  Probe  
  81  5:33  Probe  
  83  5:36  Probe  
  84  5:42  Pylon  
  84  5:43  Blink  
  84  5:44  Probe  
  84  5:45  Probe  
  84  5:48  Probe  
  87  5:52  Colossus  
  87  5:56  Probe  
  88  5:57  Probe  
  88  5:59  Assimilator  
  88  6:00  Probe  
  88  6:03  Assimilator  
  90  6:04  Gateway x2  
  90  6:05  Gateway  
  96  6:13  Probe, Shield Battery, Photon Cannon  
  96  6:14  Pylon  
  96  6:15  Pylon  
  97  6:21  Extended Thermal Lance  
  97  6:25  Pylon, Zealot  
  97  6:26  Zealot  
  101  6:35  Gateway  
  101  6:36  Stalker, Colossus  
  101  6:38  Gateway  
  109  6:57  Pylon  
  109  6:58  Pylon  
  109  7:01  Shield Battery, Sentry  
  109  7:02  Stalker x4, Sentry  
  121  7:12  Pylon x2  
  121  7:14  Shield Battery  
  121  7:15  Shield Battery  
  121  7:16  Shield Battery  
  121  7:36  Stalker x6  
  137  7:39  Zealot  
  137  7:40  Zealot  
  131  8:00  Stalker x6  
  131  8:01  Zealot  
Tags
 
Add a new tag
Caveats
  • Supply blocks, unpowered buildings, or Contaminate may cause inaccurate times.
  • Supply counts are checked every 10 seconds.